 Dungeon Crawl Stone Soup version 0.19.4 (webtiles) character file.

3297 JeffiDaFish the Stinger (level 9, -5/65 HPs)
             Began as a Demonspawn Venom Mage on Feb 2, 2017.
             Was a Priest of Vehumet.
             Slain by a white ugly thing (34 damage)
             ... on level 8 of the Dungeon.
             The game lasted 00:40:47 (8777 turns).

JeffiDaFish the Stinger (Demonspawn Venom Mage)     Turns: 8777, Time: 00:40:49

Health: -5/65      AC: 15    Str: 10    XL:     9   Next: 70%
Magic:  2/18       EV: 14    Int: 17    God:    Vehumet [***...]
Gold:   317        SH:  0    Dex: 19    Spells: 5 memorised, 4 levels left

rFire  . . .     SeeInvis .     f - +1 hand axe (drain)
rCold  . . .     Gourm    .     m - +3 leather armour
rNeg   . . .     Faith    .     (no shield)
rPois  .         Spirit   .     i - +1 helmet
rElec  .         Reflect  .     k - +0 cloak
rCorr  .         Harm     .     g - +0 pair of gloves
MR     .....                    d - +2 pair of boots {Fly}
Stlth  +++.......               (no amulet)
                                l - +2 ring of protection
                                p - +4 ring of dexterity

@: flying
A: hooves 1, demonic guardian 1
a: Renounce Religion, Stop Flying


You were on level 8 of the Dungeon.
You worshipped Vehumet.
Vehumet was most pleased with you.
You were not hungry.

You visited 1 branch of the dungeon, and saw 8 of its levels.

You collected 317 gold pieces.

Inventory:

Hand Weapons
 f - a +1 hand axe of draining (weapon)
Armour
 d - a +2 pair of boots of flying (worn)
 g - a +0 pair of gloves (worn)
 i - a +1 helmet (worn)
 k - a +0 cloak (worn)
 m - a +3 leather armour (worn)
Jewellery
 l - a +2 ring of protection (right hand)
 p - a +4 ring of dexterity (left hand)
Wands
 t - a wand of hasting (7/9)
Scrolls
 a - 2 scrolls of identify
 e - a scroll of teleportation
 h - a scroll of magic mapping
 o - a scroll of fear
 s - 2 scrolls of remove curse
Potions
 j - a potion of resistance
 r - a potion of agility
 u - a potion of berserk rage
 w - a potion of might
Books
 b - a Young Poisoner's Handbook

   Spells                             Type                      Level
   a - Sting                          Conjuration/Poison           1
   b - Mephitic Cloud                 Conjuration/Poison/Air       3
   c - Olgreb's Toxic Radiance        Poison                       4
   d - Alistair's Intoxication        Transmutation/Poison         5
   e - Venom Bolt                     Conjuration/Poison           5
Comestibles
 c - 7 bread rations
 n - 2 royal jellies
 q - 4 chunks of flesh
 v - a meat ration


   Skills:
 + Level 4.0 Fighting
 + Level 3.3 Axes
 + Level 4.1 Dodging
 + Level 4.9 Stealth
 * Level 6.0 Spellcasting
 * Level 5.0 Conjurations
 + Level 3.3 Air Magic
 * Level 7.0 Poison Magic


You had 4 spell levels left.
You knew the following spells:

 Your Spells              Type           Power        Failure   Level  Hunger
a - Sting                 Conj/Pois      ####         1%          1    None
b - Mephitic Cloud        Conj/Pois/Air  ###.....     2%          3    ##.....
c - Olgreb's Toxic Radia  Pois           ####....     3%          4    ####...
d - Venom Bolt            Conj/Pois      ####......   11%         5    #####..
e - Stone Arrow           Conj/Erth      ##....       5%          3    ##.....


Dungeon Overview and Level Annotations

Branches:
Dungeon (8/15)             Temple (0/1) D:6
   Lair: D:8-11

Altars:
Ashenzari
Cheibriados
Dithmenos
Elyvilon
Fedhas
Kikubaaqudgha
Nemelex Xobeh
Okawaru
Qazlal
Ru
Sif Muna
Trog
Uskayaw
Vehumet
Xom
Yredelemnul

Annotations:
D:4 exclusion: statue
D:8 exclusion: ice statue


Innate Abilities, Weirdness & Mutations

You have large cloven feet.
A weak demonic guardian rushes to your aid.


Message History

Your quasit closely misses the white ugly thing.
Your quasit claws the white ugly thing but does no damage.
Things that are here:
a flail of crushing; a scale mail
Casting: Stone Arrow
Confirm with . or Enter, or press ? or * to list all spells.
Aiming: Stone Arrow
Press: ? - help, Shift-Dir - straight line, f/p - white ugly thing
Aim: a white ugly thing The stone arrow misses the white ugly thing.
Your demonic guardian avoids your attack.
The white ugly thing kicks you. The white ugly thing freezes you!!
You hit the white ugly thing.
The white ugly thing is lightly wounded.
Your quasit bites the white ugly thing but does no damage.
Your quasit closely misses the white ugly thing.
Your quasit claws the white ugly thing but does no damage.
The white ugly thing kicks you. The white ugly thing freezes you!!
Ouch! That really hurt!
You die...

##.# #########.##.########
...##### #.........##..### #
...=...######.........#.....### #
.......#).....................# #
.......#................_8_...# #
.......#......................# #
##.#....))[..)................# #
#.......)....................###
####....).....5u@..#....####.....
........###...##.###....####.###.
......))......).................<
...#.#.##.##.....###....####!#.#.
...#.#)##.#####.####....#....#.#.
.......##.#####.....#####......#.
.....).#......#..............###.
.......#......#............### #.
.......#......#.....[......### #.


You could see a white ugly thing and a friendly quasit.

Vanquished Creatures
  A spriggan (D:7)
  Duvessa (D:6)
  2 orc warriors
  A phantom (D:6)
  2 ice beasts
  An ogre (D:4)
  4 slaves (D:7)
  A bullfrog (D:7)
  4 gnoll sergeants (D:8)
  Dowan (D:6)
  7 killer bees (D:8)
  2 howler monkeys (D:8)
  2 jellies
  4 orc priests
  3 hounds
  6 orc wizards
  A centaur skeleton (D:7)
  An iguana (D:8)
  8 worker ants
  A hound skeleton (D:8)
  A worker ant zombie (D:8)
  25 gnolls
  A howler monkey skeleton (D:3)
  4 adders
  2 shadow imps
  3 ufetubi (D:8)
  An ooze (D:2)
  An adder zombie (D:8)
  3 worms
  4 leopard geckos
  28 orcs
  2 bats
  4 giant cockroaches
  7 goblins
  11 hobgoblins
  17 jackals
  7 kobolds
  4 quokkas
  A ball python (D:8)
  2 frilled lizards
  8 rats
189 creatures vanquished.

Vanquished Creatures (collateral kills)
  Pikel (D:7)
  The ghost of Daunt the Changer, a novice NaTm (D:4)
  Menkaure (D:5)
  2 bullfrogs
  A howler monkey (D:8)
  A crimson imp (D:8)
  An orc priest (D:6)
  A howler monkey zombie (D:6)
  A gnoll (D:8)
  An orc (D:8)
11 creatures vanquished.

Grand Total: 200 creatures vanquished

Notes
Turn   | Place    | Note
-------+----------+-------------------------------------------
     0 | D:1      | JeffiDaFish the Demonspawn Venom Mage began the quest for the Orb.
     0 | D:1      | Reached XP level 1. HP: 13/13 MP: 3/3
   188 | D:1      | Gained mutation: You have large cloven feet. [demonic ancestry]
   188 | D:1      | Reached XP level 2. HP: 20/20 MP: 0/5
   617 | D:1      | Reached XP level 3. HP: 14/25 MP: 1/6
   908 | D:2      | Learned a level 3 spell: Mephitic Cloud
  1285 | D:2      | Found a sacrificial altar of Ru.
  1516 | D:2      | Reached XP level 4. HP: 19/31 MP: 0/8
  2033 | D:3      | Found a hide-covered altar of Uskayaw.
  2033 | D:3      | Found an iron altar of Okawaru.
  2359 | D:3      | Reached skill level 1 in Conjurations
  2510 | D:3      | Reached skill level 1 in Fighting
  2510 | D:3      | Reached skill level 1 in Axes
  2524 | D:3      | Found a shattered altar of Ashenzari.
  2533 | D:3      | Reached XP level 5. HP: 26/37 MP: 5/9
  2867 | D:4      | Noticed an ogre
  2880 | D:4      | Killed an ogre
  2880 | D:4      | Reached skill level 1 in Air Magic
  3072 | D:4      | Learned a level 4 spell: Olgreb's Toxic Radiance
  3337 | D:4      | Found a white marble altar of Elyvilon.
  3396 | D:4      | Found a basalt altar of Yredelemnul.
  3427 | D:4      | Found a radiant altar of Vehumet.
  3427 | D:4      | Noticed a frost-covered statue
  3434 | D:4      | Became a worshipper of Vehumet
  3615 | D:4      | Found a shimmering altar of Xom.
  3617 | D:4      | Found a basalt altar of Yredelemnul.
  3617 | D:4      | Found a stormy altar of Qazlal.
  3622 | D:4      | Noticed Daunt's ghost (novice NaTm)
  3631 | D:4      | Gained mutation: A weak demonic guardian rushes to your aid. [demonic ancestry]
  3631 | D:4      | Reached XP level 6. HP: 36/43 MP: 8/11
  3664 | D:4      | Killed Daunt's ghost
  3877 | D:4      | Found a shattered altar of Ashenzari.
  3877 | D:4      | Found a snail-covered altar of Cheibriados.
  3877 | D:4      | Found a basalt altar of Yredelemnul.
  3928 | D:5      | Entered Level 5 of the Dungeon
  3977 | D:5      | Reached skill level 5 in Poison Magic
  4138 | D:5      | Reached XP level 7. HP: 49/49 MP: 2/12
  4376 | D:5      | Noticed Menkaure
  4392 | D:5      | Killed Menkaure
  4948 | D:5      | Found an ancient bone altar of Kikubaaqudgha.
  5053 | D:5      | Learned a level 5 spell: Venom Bolt
  5085 | D:6      | Noticed Duvessa
  5087 | D:6      | Noticed Dowan
  5103 | D:6      | Killed Duvessa
  5106 | D:6      | Killed Dowan
  5419 | D:6      | Found a staircase to the Ecumenical Temple.
  5421 | D:6      | Reached * piety under Vehumet
  5421 | D:6      | Offered knowledge of Flame Tongue by Vehumet.
  5471 | D:6      | Found a shadowy altar of Dithmenos.
  5553 | D:6      | Reached XP level 8. HP: 36/57 MP: 14/14
  5954 | D:6      | Found a bloodstained altar of Trog.
  6507 | D:7      | Reached skill level 5 in Spellcasting
  6507 | D:7      | Reached skill level 6 in Poison Magic
  6648 | D:7      | Noticed Pikel
  6715 | D:7      | Killed Pikel
  6715 | D:7      | Reached XP level 9. HP: 64/64 MP: 4/16
  6878 | D:7      | Found a blossoming altar of Fedhas.
  6982 | D:7      | Found a shimmering altar of Xom.
  6982 | D:7      | Found a faded altar of an unknown god.
  6987 | D:7      | Found a faded altar of an unknown god.
  6989 | D:7      | Found a faded altar of an unknown god.
  6990 | D:7      | Found a faded altar of an unknown god.
  7175 | D:8      | Noticed an ice devil
  7175 | D:8      | Noticed an ice devil
  7236 | D:8      | Noticed an ice devil
  7238 | D:8      | Noticed an ice devil
  7238 | D:8      | Noticed an ice statue
  7238 | D:8      | Noticed an ice devil
  7257 | D:8      | Noticed an ice devil
  7617 | D:8      | Reached ** piety under Vehumet
  7617 | D:8      | Offered knowledge of Freeze by Vehumet.
  8248 | D:8      | Offered knowledge of Stone Arrow by Vehumet.
  8248 | D:8      | Reached skill level 7 in Poison Magic
  8460 | D:8      | Found a sparkling altar of Nemelex Xobeh.
  8462 | D:8      | Found a snail-covered altar of Cheibriados.
  8561 | D:8      | Found a deep blue altar of Sif Muna.
  8576 | D:8      | Learned a level 3 spell: Stone Arrow
  8689 | D:8      | Reached skill level 5 in Conjurations
  8737 | D:8      | Reached *** piety under Vehumet
  8746 | D:8      | Noticed a white ugly thing
  8777 | D:8      | Slain by a white ugly thing

Skill      XL: |  1  2  3  4  5  6  7  8  9 |
---------------+----------------------------+-----
Stealth        | 2 3 4 |  4.9
Dodging        | 2 3 4 |  4.1
Conjurations   | 1 2 4 5 |  5.0
Fighting       | 1 2 3 4 |  4.0
Axes           | 1 2 3 |  3.3
Spellcasting   | 3 4 5 6 |  6.0
Air Magic      | 1 2 3 |  3.3
Poison Magic   | 5 6 7 |  7.0

Action                   |  1- 3 |  4- 6 |  7- 9 || total
-------------------------+-------+-------+-------++-------
Melee: Hand axe          |    64 |    91 |   458 ||   613
       Whip              |     5 |       |       ||     5
       Kick              |    12 |    12 |       ||    24
 Cast: Sting             |    52 |    42 |    61 ||   155
       Mephitic Cloud    |       |     7 |    52 ||    59
       Olgreb's Toxic Ra |       |       |     7 ||     7
       Stone Arrow       |       |       |    10 ||    10
  Use: Scroll            |     6 |     4 |    10 ||    20
       Potion            |     2 |     6 |     4 ||    12
 Stab: Sleeping          |     3 |     4 |     2 ||     9
       Confused          |       |     4 |    24 ||    28
  Eat: Chunk             |     2 |     9 |    22 ||    33
Armor: Robe              |    12 |    27 |     3 ||    42
       Leather armour    |       |       |   156 ||   156
Dodge: Dodged            |    51 |    54 |   294 ||   399
